[ AOE2 MATCH · #459508053 ]
Team RMInca vs Mongols
[ REPLAY ANALYSIS · EXTRACTED FROM THE RECORDED GAME ]
Feudal
15:11
Castle
—
Imperial
—
| APM avg | 39.2 |
| APM peak | 68 |
| eAPM avg | 17.4 |
| Villagers / military | 49 / 0 |
Focus
⚔️ 25.3% · 🌾 74.7%
Unknown (2550) ×28
Feudal
9:33
Castle
18:36
Imperial
—
| APM avg | 42.0 |
| APM peak | 92 |
| eAPM avg | 15.7 |
| Villagers / military | 61 / 10 |
Focus
⚔️ 27.4% · 🌾 72.6%
Knight ×3 · Spearman ×2 · Scout Cavalry ×2 · Scorpion ×2 · Mangonel ×1
Feudal
10:16
Castle
—
Imperial
—
| APM avg | 38.3 |
| APM peak | 79 |
| eAPM avg | 16.3 |
| Villagers / military | 42 / 47 |
Focus
⚔️ 32.5% · 🌾 67.5%
Archer ×30 · Spearman ×8 · Militia ×8 · Skirmisher ×1
Feudal
13:07
Castle
—
Imperial
—
| APM avg | 39.9 |
| APM peak | 82 |
| eAPM avg | 22.1 |
| Villagers / military | 46 / 0 |
Focus
⚔️ 42.7% · 🌾 57.3%
Unknown (2550) ×21
Match map
Initial resources + every placement click. Lines = walls · curves = elevation contours. ◆ gold · ⬟ stone · ● berries · ✦ relic · ◌ wall gap
Your base· Open — unwalled flank
Semih Baskan's base· ✓ Closed at 18:36 · 15t walls · 1 gate(s)
Buluc's base· Open — unwalled flank
engix's base· Open — unwalled flank
Smoothed initial terrain · ◌ = detected wall gap · hover for details
Inputs per minute
— Roca122 - - Semih Baskan
Build order — Roca122
140 actions detected in the replay
| 0:01 | Create | Villager (Male) |
| 0:02 | Create | Villager (Male) |
| 0:02 | Create | Villager (Male) |
| 0:02 | Create | Villager (Male) |
| 0:04 | Build | House |
| 0:06 | Build | House |
| 1:27 | Create | Villager (Male) |
| 1:28 | Create | Villager (Male) |
| 2:06 | Build | Settlement |
| 2:23 | Create | Villager (Male) |
| 2:23 | Create | Villager (Male) |
| 2:35 | Create | Villager (Male) |
| 2:35 | Create | Villager (Male) |
| 3:06 | Create | Villager (Male) |
| 3:31 | Create | Villager (Male) |
| 3:32 | Create | Villager (Male) |
| 4:05 | Create | Villager (Male) |
| 4:05 | Create | Villager (Male) |
| 4:41 | Research | Loom |
| 4:51 | Create | Villager (Male) |
| 4:51 | Create | Villager (Male) |
| 5:25 | Create | Villager (Male) |
| 5:25 | Create | Villager (Male) |
| 5:26 | Create | Villager (Male) |
| 5:26 | Create | Villager (Male) |
| 6:04 | Create | Villager (Male) |
| 6:04 | Create | Villager (Male) |
| 6:12 | Create | Villager (Male) |
| 6:13 | Create | Villager (Male) |
| 6:33 | Create | Villager (Male) |
| 6:57 | Build | Barracks |
| 7:45 | Create | Unit 2550 |
| 7:45 | Create | Unit 2550 |
| 8:03 | Create | Unit 2550 |
| 8:04 | Create | Villager (Male) |
| 8:04 | Create | Villager (Male) |
| 8:05 | Create | Villager (Male) |
| 8:05 | Create | Villager (Male) |
| 8:33 | Create | Unit 2550 |
| 8:55 | Create | Unit 2550 |
| 8:56 | Create | Villager (Male) |
| 9:03 | Create | Villager (Male) |
| 9:26 | Build | Settlement |
| 9:50 | Create | Unit 2550 |
| 11:03 | Create | Villager (Male) |
| 11:03 | Create | Villager (Male) |
| 11:05 | Create | Unit 2550 |
| 11:18 | Create | Villager (Male) |
| 12:12 | Create | Villager (Male) |
| 12:26 | Build | Palisade Wall |
| 12:29 | Build | Palisade Wall |
| 12:32 | Build | Palisade Wall |
| 12:33 | Build | Palisade Wall |
| 12:33 | Build | Palisade Wall |
| 12:40 | Build | Palisade Wall |
| 12:42 | Build | Palisade Wall |
| 13:01 | Research | Feudal Age |
| 13:01 | Research | Feudal Age |
| 13:34 | Build | Farm |
| 13:34 | Build | Farm |
| 13:34 | Build | Farm |
| 13:34 | Build | Farm |
| 13:34 | Build | Farm |
| 13:35 | Build | Farm |
| 13:35 | Build | Farm |
| 13:35 | Build | Farm |
| 13:35 | Build | Farm |
| 13:36 | Build | Farm |
| 14:08 | Create | Unit 2550 |
| 14:08 | Create | Unit 2550 |
| 14:08 | Create | Unit 2550 |
| 14:20 | Build | Palisade Wall |
| 15:10 | Create | Unit 2550 |
| 15:11 | Age | Feudal Age |
| 15:23 | Create | Unit 2550 |
| 15:23 | Create | Unit 2550 |
| 15:53 | Research | Tech 1402 |
| 16:11 | Build | Farm |
| 16:11 | Build | Farm |
| 16:14 | Build | Farm |
| 16:14 | Build | Farm |
| 16:18 | Build | Farm |
| 16:18 | Build | Farm |
| 16:21 | Build | Farm |
| 16:21 | Build | Farm |
| 16:24 | Create | Villager (Male) |
| 16:24 | Create | Villager (Male) |
| 16:57 | Create | Villager (Male) |
| 16:57 | Create | Villager (Male) |
| 17:23 | Create | Unit 2550 |
| 17:23 | Create | Unit 2550 |
| 17:29 | Build | House |
| 17:30 | Build | House |
| 17:38 | Build | Blacksmith |
| 17:52 | Build | House |
| 18:24 | Create | Unit 2550 |
| 18:38 | Build | Blacksmith |
| 18:42 | Create | Unit 2550 |
| 18:54 | Create | Unit 2550 |
| 19:13 | Create | Villager (Male) |
| 19:14 | Create | Villager (Male) |
| 19:20 | Research | Forging |
| 19:32 | Build | House |
| 19:36 | Build | House |
| 19:40 | Build | House |
| 19:45 | Build | House |
| 19:46 | Build | House |
| 19:57 | Create | Unit 2550 |
| 19:58 | Create | Unit 2550 |
| 20:06 | Create | Unit 2550 |
| 20:07 | Create | Unit 2550 |
| 20:22 | Create | Unit 2550 |
| 20:22 | Create | Unit 2550 |
| 20:30 | Build | Palisade Wall |
| 21:07 | Create | Villager (Male) |
| 21:07 | Create | Villager (Male) |
| 21:33 | Build | House |
| 21:36 | Build | House |
| 21:40 | Build | House |
| 21:46 | Build | Palisade Wall |
| 22:00 | Build | Farm |
| 22:01 | Build | Farm |
| 22:01 | Build | Farm |
| 22:02 | Build | Farm |
| 22:04 | Build | Farm |
| 22:10 | Create | Villager (Male) |
| 22:11 | Create | Unit 2550 |
| 22:11 | Create | Unit 2550 |
| 22:29 | Build | Palisade Gate |
| 22:34 | Create | Unit 2550 |
| 23:00 | Create | Villager (Male) |
| 23:05 | Create | Unit 2550 |
| 23:12 | Create | Villager (Male) |
| 23:22 | Build | Farm |
| 23:22 | Build | Farm |
| 23:28 | Build | Farm |
| 24:09 | Create | Villager (Male) |
| 24:09 | Create | Villager (Male) |
| 24:11 | Research | Town Watch |
| 24:18 | Build | Farm |
Build order — Semih Baskan
137 actions detected in the replay
| 0:00 | Create | Villager (Male) |
| 0:01 | Create | Villager (Male) |
| 0:01 | Create | Villager (Male) |
| 0:02 | Build | House |
| 0:05 | Build | House |
| 0:27 | Create | Villager (Male) |
| 1:32 | Create | Villager (Male) |
| 1:32 | Create | Villager (Male) |
| 2:03 | Create | Villager (Male) |
| 2:15 | Create | Villager (Male) |
| 2:32 | Create | Villager (Male) |
| 3:20 | Create | Villager (Male) |
| 3:20 | Create | Villager (Male) |
| 3:31 | Create | Villager (Male) |
| 3:49 | Create | Villager (Male) |
| 3:49 | Create | Villager (Male) |
| 4:01 | Build | House |
| 4:05 | Research | Loom |
| 4:12 | Create | Villager (Male) |
| 4:12 | Create | Villager (Male) |
| 4:20 | Create | Villager (Male) |
| 4:20 | Create | Villager (Male) |
| 4:26 | Create | Villager (Male) |
| 4:58 | Create | Villager (Male) |
| 5:15 | Build | Lumber Camp |
| 5:36 | Build | Mill |
| 6:31 | Build | Mill |
| 7:07 | Create | Villager (Male) |
| 7:11 | Build | House |
| 7:23 | Research | Feudal Age |
| 8:24 | Build | Barracks |
| 9:33 | Age | Feudal Age |
| 9:35 | Create | Villager (Male) |
| 9:45 | Build | Stable |
| 9:46 | Create | Spearman |
| 9:48 | Create | Villager (Male) |
| 9:54 | Create | Villager (Male) |
| 10:08 | Create | Villager (Male) |
| 10:17 | Build | House |
| 10:35 | Research | Double-Bit Axe |
| 10:43 | Build | House |
| 10:49 | Build | House |
| 10:53 | Create | Scout Cavalry |
| 10:53 | Create | Scout Cavalry |
| 11:25 | Create | Villager (Male) |
| 11:26 | Create | Villager (Male) |
| 11:44 | Create | Villager (Male) |
| 12:01 | Build | Mining Camp |
| 12:04 | Build | Palisade Wall |
| 12:07 | Create | Villager (Male) |
| 12:22 | Build | Farm |
| 12:22 | Build | Farm |
| 12:22 | Build | Farm |
| 12:22 | Build | Farm |
| 12:23 | Build | Farm |
| 12:23 | Build | Farm |
| 12:23 | Build | Farm |
| 12:23 | Build | Farm |
| 12:39 | Create | Spearman |
| 12:45 | Create | Villager (Male) |
| 13:25 | Create | Villager (Male) |
| 13:27 | Build | Farm |
| 13:50 | Create | Villager (Male) |
| 13:52 | Build | Farm |
| 13:56 | Build | Farm |
| 13:59 | Build | House |
| 14:02 | Build | House |
| 14:10 | Create | Villager (Male) |
| 14:14 | Build | Farm |
| 14:25 | Build | House |
| 14:27 | Build | Palisade Wall |
| 14:57 | Build | Farm |
| 15:01 | Build | Blacksmith |
| 15:13 | Build | House |
| 15:14 | Build | Palisade Wall |
| 15:25 | Create | Villager (Male) |
| 15:33 | Build | Palisade Gate |
| 15:34 | Build | House |
| 15:53 | Build | Farm |
| 15:56 | Research | Castle Age |
| 16:13 | Build | Palisade Wall |
| 16:32 | Build | House |
| 18:13 | Create | Villager (Male) |
| 18:36 | Age | Castle Age |
| 18:38 | Build | Siege Workshop |
| 19:21 | Create | Mangonel |
| 19:31 | Build | Town Center |
| 19:37 | Build | Palisade Wall |
| 19:55 | Create | Villager (Male) |
| 19:55 | Create | Villager (Male) |
| 20:15 | Create | Scorpion |
| 20:50 | Create | Knight |
| 20:50 | Create | Knight |
| 20:50 | Create | Knight |
| 21:01 | Create | Villager (Male) |
| 21:02 | Create | Villager (Male) |
| 21:02 | Create | Villager (Male) |
| 21:10 | Create | Villager (Male) |
| 21:11 | Create | Villager (Male) |
| 21:20 | Build | Town Center |
| 21:28 | Create | Scorpion |
| 21:54 | Create | Villager (Male) |
| 21:54 | Create | Villager (Male) |
| 21:55 | Create | Villager (Male) |
| 21:55 | Create | Villager (Male) |
| 22:02 | Create | Villager (Male) |
| 22:02 | Create | Villager (Male) |
| 22:11 | Create | Villager (Male) |
| 22:26 | Create | Villager (Male) |
| 23:08 | Create | Villager (Male) |
| 23:08 | Create | Villager (Male) |
| 23:15 | Create | Villager (Male) |
| 23:15 | Create | Villager (Male) |
| 23:15 | Create | Villager (Male) |
| 23:15 | Create | Villager (Male) |
| 23:16 | Create | Villager (Male) |
| 23:18 | Build | House |
| 23:19 | Build | House |
| 23:19 | Build | House |
| 23:19 | Build | House |
| 23:19 | Build | House |
| 23:58 | Create | Villager (Male) |
| 23:58 | Create | Villager (Male) |
| 24:09 | Build | Farm |
| 24:10 | Build | Farm |
| 24:10 | Build | Farm |
| 24:10 | Build | Farm |
| 24:10 | Build | Farm |
| 24:11 | Build | Farm |
| 24:11 | Build | Farm |
| 24:11 | Build | Farm |
| 24:11 | Build | Farm |
| 24:12 | Build | Farm |
| 24:13 | Create | Villager (Male) |
| 24:16 | Create | Villager (Male) |
| 24:29 | Research | Bloodlines |
| 24:32 | Research | Scale Barding Armor |
Build order — Buluc
146 actions detected in the replay
| 0:01 | Create | Villager (Male) |
| 0:02 | Create | Villager (Male) |
| 0:02 | Build | House |
| 0:06 | Build | House |
| 0:11 | Create | Villager (Male) |
| 0:11 | Create | Villager (Male) |
| 0:12 | Create | Villager (Male) |
| 1:25 | Create | Villager (Male) |
| 1:25 | Create | Villager (Male) |
| 1:50 | Build | Lumber Camp |
| 2:01 | Create | Villager (Male) |
| 2:13 | Build | House |
| 2:16 | Create | Villager (Male) |
| 2:49 | Create | Villager (Male) |
| 2:49 | Create | Villager (Male) |
| 3:11 | Build | Palisade Wall |
| 3:43 | Create | Villager (Male) |
| 3:43 | Create | Villager (Male) |
| 3:43 | Create | Villager (Male) |
| 4:24 | Create | Villager (Male) |
| 4:24 | Create | Villager (Male) |
| 5:01 | Create | Villager (Male) |
| 5:45 | Create | Villager (Male) |
| 6:01 | Create | Villager (Male) |
| 6:39 | Create | Villager (Male) |
| 7:04 | Build | Barracks |
| 7:09 | Create | Villager (Male) |
| 7:14 | Research | Loom |
| 7:50 | Create | Villager (Male) |
| 7:56 | Build | House |
| 8:05 | Research | Feudal Age |
| 8:28 | Build | Mill |
| 8:49 | Build | Palisade Wall |
| 8:57 | Build | Palisade Wall |
| 9:05 | Build | Mining Camp |
| 10:07 | Build | Palisade Wall |
| 10:09 | Build | Palisade Wall |
| 10:16 | Age | Feudal Age |
| 10:29 | Build | Archery Range |
| 10:40 | Build | Archery Range |
| 10:44 | Create | Villager (Male) |
| 10:47 | Research | Double-Bit Axe |
| 11:14 | Create | Villager (Male) |
| 11:24 | Create | Villager (Male) |
| 11:27 | Create | Spearman |
| 11:27 | Create | Spearman |
| 11:33 | Create | Archer |
| 11:54 | Build | Palisade Wall |
| 12:03 | Build | House |
| 12:05 | Create | Archer |
| 12:05 | Create | Archer |
| 12:17 | Build | Blacksmith |
| 12:20 | Create | Villager (Male) |
| 12:40 | Create | Villager (Male) |
| 12:46 | Create | Archer |
| 12:46 | Create | Archer |
| 13:03 | Build | House |
| 13:08 | Build | House |
| 13:12 | Build | House |
| 13:29 | Build | Palisade Wall |
| 13:45 | Build | House |
| 13:55 | Create | Archer |
| 13:55 | Create | Archer |
| 14:15 | Build | Palisade Wall |
| 14:17 | Build | Palisade Wall |
| 14:24 | Create | Archer |
| 14:43 | Research | Wheelbarrow |
| 14:46 | Create | Archer |
| 14:46 | Create | Archer |
| 15:00 | Create | Skirmisher |
| 15:08 | Build | Farm |
| 15:08 | Build | Farm |
| 15:09 | Build | Farm |
| 15:13 | Build | Farm |
| 15:21 | Research | Fletching |
| 15:34 | Create | Archer |
| 15:34 | Create | Archer |
| 15:47 | Create | Villager (Male) |
| 16:17 | Build | Palisade Wall |
| 16:25 | Create | Villager (Male) |
| 16:27 | Create | Archer |
| 16:27 | Create | Archer |
| 17:12 | Create | Archer |
| 17:21 | Create | Archer |
| 17:21 | Create | Archer |
| 17:36 | Create | Archer |
| 17:51 | Create | Archer |
| 17:55 | Build | House |
| 18:05 | Create | Spearman |
| 18:05 | Create | Spearman |
| 18:20 | Build | House |
| 18:23 | Build | Palisade Wall |
| 18:26 | Build | House |
| 18:29 | Build | Palisade Wall |
| 18:34 | Build | Palisade Wall |
| 18:37 | Create | Archer |
| 18:38 | Create | Archer |
| 18:39 | Create | Archer |
| 18:49 | Build | Farm |
| 18:49 | Build | Farm |
| 19:10 | Create | Archer |
| 19:10 | Create | Archer |
| 19:23 | Create | Villager (Male) |
| 19:24 | Create | Villager (Male) |
| 19:30 | Build | Farm |
| 19:30 | Build | Farm |
| 19:30 | Build | Farm |
| 19:31 | Build | Farm |
| 19:35 | Research | Padded Archer Armor |
| 19:38 | Create | Archer |
| 19:54 | Create | Villager (Male) |
| 19:54 | Create | Villager (Male) |
| 20:06 | Create | Villager (Male) |
| 20:06 | Create | Villager (Male) |
| 20:45 | Create | Villager (Male) |
| 20:45 | Create | Villager (Male) |
| 20:51 | Build | Farm |
| 20:51 | Build | Farm |
| 20:54 | Build | Farm |
| 20:55 | Build | Farm |
| 21:28 | Build | Farm |
| 21:57 | Create | Archer |
| 21:57 | Create | Villager (Male) |
| 22:07 | Build | Palisade Wall |
| 22:09 | Create | Archer |
| 22:10 | Create | Spearman |
| 22:11 | Create | Spearman |
| 22:21 | Create | Archer |
| 22:21 | Create | Archer |
| 22:32 | Create | Villager (Male) |
| 22:35 | Build | Farm |
| 22:38 | Create | Spearman |
| 22:39 | Create | Spearman |
| 22:42 | Build | House |
| 23:00 | Create | Militia |
| 23:00 | Create | Militia |
| 23:01 | Create | Militia |
| 23:01 | Create | Militia |
| 23:02 | Create | Militia |
| 23:02 | Create | Militia |
| 23:02 | Create | Militia |
| 23:02 | Create | Militia |
| 24:07 | Create | Archer |
| 24:07 | Create | Villager (Male) |
| 24:30 | Create | Villager (Male) |
| 24:30 | Create | Villager (Male) |
Build order — engix
127 actions detected in the replay
| 0:02 | Build | House |
| 0:07 | Build | Barracks |
| 0:11 | Create | Villager (Male) |
| 0:11 | Create | Villager (Male) |
| 0:12 | Create | Villager (Male) |
| 0:12 | Create | Villager (Male) |
| 0:59 | Create | Villager (Male) |
| 1:36 | Create | Villager (Male) |
| 1:37 | Create | Villager (Male) |
| 2:15 | Create | Unit 2550 |
| 2:28 | Create | Unit 2550 |
| 2:34 | Build | House |
| 2:38 | Research | Loom |
| 2:43 | Create | Villager (Male) |
| 3:18 | Create | Villager (Male) |
| 3:19 | Create | Villager (Male) |
| 3:50 | Create | Villager (Male) |
| 3:50 | Create | Villager (Male) |
| 4:03 | Build | House |
| 4:19 | Create | Villager (Male) |
| 4:20 | Create | Villager (Male) |
| 4:27 | Create | Villager (Male) |
| 4:42 | Create | Villager (Male) |
| 5:29 | Create | Villager (Male) |
| 5:35 | Build | House |
| 5:46 | Create | Villager (Male) |
| 5:59 | Create | Unit 2550 |
| 6:25 | Create | Villager (Male) |
| 6:34 | Build | Settlement |
| 6:52 | Create | Villager (Male) |
| 6:56 | Create | Unit 2550 |
| 7:28 | Create | Villager (Male) |
| 7:53 | Create | Villager (Male) |
| 8:00 | Create | Villager (Male) |
| 8:30 | Create | Villager (Male) |
| 8:34 | Create | Unit 2550 |
| 9:11 | Create | Villager (Male) |
| 9:28 | Create | Villager (Male) |
| 9:38 | Build | Settlement |
| 9:47 | Create | Unit 2550 |
| 10:08 | Build | House |
| 10:10 | Build | House |
| 10:12 | Build | Palisade Wall |
| 10:42 | Create | Unit 2550 |
| 10:57 | Research | Feudal Age |
| 11:19 | Build | House |
| 11:20 | Build | Palisade Wall |
| 11:37 | Create | Unit 2550 |
| 11:47 | Build | Farm |
| 11:49 | Create | Villager (Male) |
| 12:16 | Build | Farm |
| 12:31 | Create | Villager (Male) |
| 12:34 | Build | Farm |
| 12:54 | Build | Farm |
| 13:07 | Age | Feudal Age |
| 13:19 | Create | Villager (Male) |
| 13:31 | Create | Villager (Male) |
| 13:47 | Build | Blacksmith |
| 13:52 | Create | Villager (Male) |
| 14:11 | Build | Settlement |
| 14:19 | Create | Unit 2550 |
| 14:23 | Research | Tech 1402 |
| 14:37 | Create | Villager (Male) |
| 14:39 | Research | Scale Mail Armor |
| 15:23 | Create | Villager (Male) |
| 15:24 | Create | Unit 2550 |
| 15:24 | Create | Unit 2550 |
| 15:24 | Create | Unit 2550 |
| 15:41 | Create | Unit 2550 |
| 15:56 | Build | Farm |
| 15:58 | Build | Farm |
| 15:59 | Build | Farm |
| 15:59 | Build | Farm |
| 15:59 | Build | Farm |
| 15:59 | Build | Farm |
| 16:09 | Create | Villager (Male) |
| 16:24 | Build | Settlement |
| 16:29 | Create | Unit 2550 |
| 16:36 | Create | Villager (Male) |
| 16:43 | Build | Farm |
| 17:00 | Research | Forging |
| 17:30 | Create | Villager (Male) |
| 17:32 | Create | Unit 2550 |
| 17:33 | Create | Villager (Male) |
| 17:42 | Create | Villager (Male) |
| 18:22 | Create | Villager (Male) |
| 18:23 | Create | Unit 2550 |
| 18:26 | Create | Villager (Male) |
| 18:26 | Create | Villager (Male) |
| 18:56 | Create | Villager (Male) |
| 18:58 | Build | Farm |
| 18:58 | Build | Farm |
| 18:58 | Build | Farm |
| 19:02 | Create | Unit 2550 |
| 19:25 | Research | Fletching |
| 20:04 | Create | Villager (Male) |
| 20:07 | Create | Villager (Male) |
| 20:14 | Create | Unit 2550 |
| 20:14 | Create | Unit 2550 |
| 20:19 | Build | Farm |
| 20:19 | Build | Farm |
| 20:19 | Build | Farm |
| 20:35 | Build | House |
| 20:37 | Build | House |
| 21:06 | Create | Villager (Male) |
| 21:23 | Build | Market |
| 21:25 | Build | House |
| 21:30 | Create | Unit 2550 |
| 21:34 | Research | Double-Bit Axe |
| 22:05 | Create | Villager (Male) |
| 22:10 | Build | House |
| 22:14 | Build | Palisade Wall |
| 22:39 | Build | House |
| 22:40 | Build | Palisade Wall |
| 22:49 | Create | Unit 2550 |
| 22:50 | Research | Arson |
| 23:02 | Build | Palisade Gate |
| 23:14 | Build | Palisade Wall |
| 23:23 | Build | Farm |
| 23:27 | Build | House |
| 23:41 | Build | House |
| 23:43 | Build | Palisade Wall |
| 24:27 | Build | Farm |
| 24:36 | Build | Farm |
| 24:38 | Build | Farm |
| 24:41 | Research | Horse Collar |
| 24:47 | Build | House |
Match timeline
| 0:07 | engix · first_building Barracks |
| 3:11 | Buluc · wall_segment Palisade Wall x1 |
| 6:57 | Roca122 · first_building Barracks |
| 7:04 | Buluc · first_building Barracks |
| 8:24 | Semih Baskan · first_building Barracks |
| 8:49 | Buluc · wall_segment Palisade Wall x4 |
| 8:57 | Buluc · wall_segment Palisade Wall x1 |
| 9:33 | Semih Baskan · age_up feudal |
| 9:45 | Semih Baskan · first_building Stable |
| 10:07 | Buluc · wall_segment Palisade Wall x4 |
| 10:09 | Buluc · wall_segment Palisade Wall x3 |
| 10:12 | engix · wall_segment Palisade Wall x7 |
| 10:16 | Buluc · age_up feudal |
| 10:29 | Buluc · first_building Archery Range |
| 11:20 | engix · wall_segment Palisade Wall x5 |
| 11:54 | Buluc · wall_segment Palisade Wall x9 |
| 12:04 | Semih Baskan · wall_segment Palisade Wall x1 |
| 12:26 | Roca122 · wall_segment Palisade Wall x5 |
| 12:29 | Roca122 · wall_segment Palisade Wall x1 |
| 12:32 | Roca122 · wall_segment Palisade Wall x8 |
| 12:33 | Roca122 · wall_segment Palisade Wall x1 |
| 12:33 | Roca122 · wall_segment Palisade Wall x1 |
| 12:40 | Roca122 · wall_segment Palisade Wall x10 |
| 12:42 | Roca122 · wall_segment Palisade Wall x4 |
| 13:07 | engix · age_up feudal |
| 13:29 | Buluc · wall_segment Palisade Wall x1 |
| 14:15 | Buluc · wall_segment Palisade Wall x2 |
| 14:17 | Buluc · wall_segment Palisade Wall x2 |
| 14:20 | Roca122 · wall_segment Palisade Wall x18 |
| 14:27 | Semih Baskan · wall_segment Palisade Wall x12 |
| 15:11 | Roca122 · age_up feudal |
| 15:14 | Semih Baskan · wall_segment Palisade Wall x1 |
| 16:13 | Semih Baskan · wall_segment Palisade Wall x1 |
| 16:17 | Buluc · wall_segment Palisade Wall x15 |
| 18:23 | Buluc · wall_segment Palisade Wall x5 |
| 18:29 | Buluc · wall_segment Palisade Wall x1 |
| 18:34 | Buluc · wall_segment Palisade Wall x1 |
| 18:36 | Semih Baskan · age_up castle |
| 18:38 | Semih Baskan · first_building Siege Workshop |
| 19:37 | Semih Baskan · wall_segment Palisade Wall x1 |
| 20:30 | Roca122 · wall_segment Palisade Wall x3 |
| 21:46 | Roca122 · wall_segment Palisade Wall x1 |
| 22:07 | Buluc · wall_segment Palisade Wall x7 |
| 22:14 | engix · wall_segment Palisade Wall x9 |
| 22:40 | engix · wall_segment Palisade Wall x1 |
| 23:14 | engix · wall_segment Palisade Wall x1 |
| 23:43 | engix · wall_segment Palisade Wall x1 |
| 24:43 | Buluc · resign |
[ AI ANALYSIS · 1 CREDIT ]
What really happened in this match?
Wolo.gg analyzes every decision: build order, eco, micro, common mistakes by bracket. Personalized analysis on WhatsApp or Discord in 30 seconds.
Civ guide
Inca
Map guide
Arabia
Perfil
Jugador #14909443